 Dungeon Crawl Stone Soup version 0.18.1-5-g4a78601 (webtiles) character file.

3558 redmage the Cleaver (level 9, -8/81 HPs)
             Began as a Deep Dwarf Fighter on May 13, 2016.
             Was a Priest of Makhleb.
             Shot with a bolt by an orc warrior (22 damage)
             ... in a bailey.
             The game lasted 00:28:58 (1925 turns).

redmage the Cleaver (Deep Dwarf Fighter)            Turns: 1925, Time: 00:28:59

Health: -8/81      AC: 13    Str: 23    XL:     9   Next: 83%
Magic:  13/13      EV:  4    Int:  9    God:    Makhleb [***...]
Gold:   432        SH:  9    Dex: 12    Spells: 0 memorised, 8 levels left

rFire  + . .     SeeInvis .     a - +4 hand axe "Goblinbane" {pain, rPois rF+ MR+}
rCold  . . .     Gourm    .     J - +0 plate armour
rNeg   . . .     Faith    .     c - +0 shield
rPois  +         Spirit   .     (no helmet)
rElec  .         Dismiss  .     (no cloak)
rCorr  .         Reflect  .     (no gloves)
SustAt .         Harm     .     y - +1 pair of boots
MR     ++...                    (no amulet)
Stlth  ..........               F - ring of wizardry
                                j - ring of flight

@: non-regenerating, very resistant to hostile enchantments, extremely
unstealthy
A: damage resistance, recharge devices, sense surroundings 2, slow regeneration
3
a: Device Recharging, Minor Destruction, Lesser Servant of Makhleb, Renounce
Religion, Evoke Flight


You were in a bailey.
You worshipped Makhleb.
Makhleb was most pleased with you.
You were not hungry.

You visited 1 branch of the dungeon, and saw 8 of its levels.
You also visited: Sewer, Ossuary and Bailey.

You collected 432 gold pieces.

Inventory:

Hand Weapons
 a - the +4 hand axe "Goblinbane" (weapon) {pain, rPois rF+ MR+}
   (You found it on level 8 of the Dungeon)

   In the hands of one skilled in necromantic magic, it inflicts extra damage on
   living creatures.
   It protects you from fire.
   It protects you from poison.
   It affects your resistance to hostile enchantments.
 b - the +7 spear "Noprifa" {freeze, rPois Dex+4}
   (You found it on level 8 of the Dungeon)

   It has been specially enchanted to freeze those struck by it, causing extra
   injury to most foes and up to half again as much damage against particularly
   susceptible opponents.
   It can also slow down cold-blooded creatures.
   It affects your dexterity (+4).
   It protects you from poison.
 q - a +0 arbalest
Missiles
 E - 25 bolts
Armour
 c - a +0 shield (worn)
 y - a +1 pair of boots (worn)
 J - a +0 plate armour (worn)
Jewellery
 j - a ring of flight (left hand)
 k - an uncursed ring of magical power
 F - a ring of wizardry (right hand)
Wands
 e - a wand of heal wounds (0/9)
 D - a wand of paralysis (6/24)
Scrolls
 g - 4 scrolls of magic mapping
 h - a scroll of amnesia
 l - 2 scrolls of enchant armour
 r - 2 scrolls of remove curse
 s - a scroll of teleportation {unknown}
 t - a scroll of immolation {unknown}
 w - a scroll of noise {unknown}
 C - a scroll of random uselessness {unknown}
 G - a scroll of fog {unknown}
 I - a scroll of vulnerability {unknown}
Potions
 d - a potion of might
 i - 4 potions of lignification {unknown}
 m - a potion of brilliance {unknown}
 n - 3 potions of flight {unknown}
 o - a potion of agility
 p - 5 potions of curing
 u - a potion of degeneration {unknown}
 v - a potion of cure mutation {unknown}
 x - a potion of haste {unknown}
 z - a potion of magic {unknown}
 A - 2 potions of cancellation {unknown}
Comestibles
 f - 2 bread rations
 B - a meat ration
 H - 3 chunks of flesh


   Skills:
 - Level 5.0 Fighting
 * Level 12.4 Axes
 - Level 3.2 Armour
 - Level 3.2 Shields
 + Level 8.7 Invocations


You had 8 spell levels left.
You didn't know any spells.

Dungeon Overview and Level Annotations

Branches:
Dungeon (8/15)               Lair (0/8) D:8
 Temple: D:4-7

Altars:
Makhleb

Annotations:
D:2 Sigmund


Innate Abilities, Weirdness & Mutations

You are resistant to damage.
You can recharge devices by infusing magical energy.
You passively map the area around you.
You do not regenerate naturally.


Message History

The orc warrior closely misses you.
The orc hits you from afar with a trident.
You hit the orc warrior.
The orc warrior is heavily wounded.
The orc warrior hits you from afar with a halberd!
* * * LOW HITPOINT WARNING * * *
The orc warrior hits you but does no damage.
Evoke which item? (* to show all) (? for menu, Esc to quit)
Okay, then.
The orc warrior wields an arbalest.
The orc warrior shoots a bolt.
The bolt hits you!
* * * LOW HITPOINT WARNING * * *
You see here a bolt.
Drink which item? (? for menu, Esc to quit)
You feel better.
The orc warrior shoots a bolt.
The bolt hits you.
* * * LOW HITPOINT WARNING * * *
The orc warrior shoots a bolt.
You block the bolt.
You see here a bolt.
The orc warrior shoots a bolt.
The bolt hits you!!
You die...

## ### ### ##.#
#########∩###########.##
#%..##.....##...##.....##...#
#$..#..≈≈≈..#...#..≈≈≈..#...#
#$..#.≈≈.≈≈.......≈≈)≈≈.#...#
#...(o≈..)≈.......≈)))≈)'...#
#...#o≈≈.≈≈.@[....≈≈.≈≈)#...#
#...#.(≈≈≈..#...#..≈≈≈..#...#
#o..##.o.(.##.∩.##.....##...#
##.# #########∩###########.##
## ### ###


You could see 2 orc warriors and an orc.

Vanquished Creatures
  2 orc knights (Bailey)
  The ghost of barb4r1an the Charmwright, an amateur HESk (Sewer)
  The ghost of Anouleth the Firebug, an amateur HEFE (D:5)
  4 orc warriors (Bailey)
  An ogre (D:8)
  A centaur (D:6)
  2 big kobolds (Sewer)
  10 scorpions
  5 killer bees (D:8)
  3 howler monkeys (D:8)
  A centaur zombie (Ossuary)
  2 jellies (D:6)
  An orc wizard (D:3)
  2 human zombies (Ossuary)
  An orc priest (D:3)
  2 hounds
  2 iguanas
  A worker ant (D:8)
  2 big kobold zombies (Ossuary)
  3 mummies
  A worker ant zombie (D:5)
  3 adders
  2 scorpion zombies (Ossuary)
  An ooze (Sewer)
  A dart slug (D:2)
  2 giant geckos (D:6)
  7 orcs
  3 bats
  6 giant cockroaches
  A gnoll zombie (Ossuary)
  2 goblins
  2 jackals (D:2)
  20 kobolds
  2 quokkas (D:2)
  6 ball pythons
  3 giant newts
  2 hobgoblin zombies (Ossuary)
  3 kobold zombies (Ossuary)
  4 orc zombies (Ossuary)
  3 rats
121 creatures vanquished.

Vanquished Creatures (collateral kills)
  2 orc knights (Bailey)
  An orc warrior (Bailey)
3 creatures vanquished.

Vanquished Creatures (others)
  A mummy (Ossuary)
1 creature vanquished.

Grand Total: 125 creatures vanquished

Notes
Turn   | Place    | Note
--------------------------------------------------------------
     0 | D:1      | redmage the Deep Dwarf Fighter began the quest for the Orb.
     0 | D:1      | Reached XP level 1. HP: 20/20 MP: 1/1
   139 | D:2      | Noticed Sigmund
   203 | D:2      | Reached XP level 2. HP: 24/27 MP: 2/2
   252 | D:2      | Reached skill level 3 in Axes
   325 | D:3      | Found a burning altar of Makhleb.
   332 | D:3      | Reached XP level 3. HP: 23/34 MP: 3/3
   335 | D:3      | Became a worshipper of Makhleb the Destroyer
   345 | D:3      | Found a glowing drain.
   353 | D:3      | Reached skill level 4 in Axes
   353 | D:3      | Reached XP level 4. HP: 38/42 MP: 4/4
   384 | Sewer    | Entered a sewer
   429 | Sewer    | Reached * piety under Makhleb
   436 | Sewer    | Reached XP level 5. HP: 47/50 MP: 5/5
   451 | Sewer    | Noticed barb4r1an's ghost (amateur HESk)
   468 | Sewer    | Reached skill level 5 in Axes
   497 | Sewer    | Killed barb4r1an's ghost
   497 | Sewer    | Reached skill level 6 in Axes
   497 | Sewer    | Reached XP level 6. HP: 37/58 MP: 6/6
   659 | D:4      | Reached skill level 7 in Axes
   659 | D:4      | Reached XP level 7. HP: 30/66 MP: 7/7
   721 | D:5      | Entered Level 5 of the Dungeon
   844 | D:5      | Noticed Anouleth's ghost (amateur HEFE)
   855 | D:5      | Killed Anouleth's ghost
   855 | D:5      | Reached skill level 5 in Fighting
   870 | D:5      | Found a sand-covered staircase.
   881 | Ossuary  | Entered an ossuary
   895 | Ossuary  | Reached skill level 1 in Invocations
   901 | Ossuary  | Reached ** piety under Makhleb
   923 | Ossuary  | Reached skill level 8 in Axes
  1047 | Ossuary  | Reached XP level 8. HP: 42/74 MP: 9/9
  1078 | Ossuary  | Reached skill level 9 in Axes
  1532 | D:6      | Reached skill level 5 in Invocations
  1575 | D:8      | Reached *** piety under Makhleb
  1585 | D:8      | Reached skill level 10 in Axes
  1661 | D:8      | Gained mutation: You passively map the area around you. [Deep Dwarf growth]
  1661 | D:8      | Reached XP level 9. HP: 65/81 MP: 11/11
  1689 | D:8      | Found a flagged portal.
  1698 | D:8      | Got an iridescent hand axe
  1701 | D:8      | Got an ichor-stained spear
  1706 | D:8      | Identified the +4 hand axe "Goblinbane" {pain, rPois rF+ MR+} (You found it on level 8 of the Dungeon)
  1707 | D:8      | Identified the +7 spear "Noprifa" {freeze, rPois Dex+4} (You found it on level 8 of the Dungeon)
  1710 | Bailey   | Entered a bailey
  1710 | Bailey   | Noticed an orc knight
  1712 | Bailey   | Noticed an orc knight
  1790 | Bailey   | Killed an orc knight
  1790 | Bailey   | Reached skill level 11 in Axes
  1811 | Bailey   | Killed an orc knight
  1845 | Bailey   | Noticed an orc knight
  1847 | Bailey   | Noticed an orc knight
  1860 | Bailey   | Killed an orc knight
  1860 | Bailey   | Reached skill level 12 in Axes
  1865 | Bailey   | Killed an orc knight
  1925 | Bailey   | Shot with a bolt by an orc warrior

Skill      XL: |  1  2  3  4  5  6  7  8  9 |
---------------+----------------------------+-----
Axes           | 3 4 6 7 8 10 12 | 12.4
Fighting       | 3 4 5 |  5.0
Invocations    | 3 6 8 |  8.7
Armour         | |  3.2
Shields        | |  3.2

Action                   |  1- 3 |  4- 6 |  7- 9 || total
-------------------------+-------+-------+-------++-------
Melee: War axe           |    66 |   114 |   234 ||   414
       Spear             |       |       |    30 ||    30
       Hand axe          |       |       |    10 ||    10
 Fire: Arbalest          |       |       |    15 ||    15
Invok: Lesser Servant of |       |       |     3 ||     3
 Abil: Device Recharging |       |       |     2 ||     2
       Evoke Flight      |       |       |     2 ||     2
Evoke: Wand              |     1 |     1 |    13 ||    15
  Use: Scroll            |       |       |     6 ||     6
       Potion            |       |       |     5 ||     5
 Stab: Paralysed         |       |       |     4 ||     4
  Eat: Beef jerky        |       |       |     1 ||     1
       Chunk             |       |       |     4 ||     4
Armor: Scale mail        |    49 |    49 |    97 ||   195
       Plate armour      |       |       |     3 ||     3
Dodge: Dodged            |    27 |    39 |   102 ||   168
Block: Shield            |    44 |    68 |   158 ||   270
